 Dungeon Sprint DCSS version 0.26-a0-712-ga5a9c9c9d0 (webtiles) character file.

Game seed: 10149399554011214629

17840 mhtbhm the Shatterer (level 12, -9/127 HPs)
             Began as a Minotaur Fighter on Oct 31, 2020.
             Was the Champion of Trog.
             Mangled by a cyan ugly thing (15 damage)
             ... in the Dungeon (Sprint IX: "|||||||||||||||||||||||||||||").
             The game lasted 00:06:07 (2611 turns).

mhtbhm the Shatterer (Minotaur Fighter)             Turns: 2611, Time: 00:06:08

Health: -9/127     AC: 18    Str: 25    XL:     12   Next: 22%
Magic:  2/2        EV: 15    Int:  3    God:    Trog [******]
Gold:   204        SH: 15    Dex: 11    Spells: 11/11 levels left

rFire    + + .     SeeInvis .   a - +4 demon whip (vorpal)
rCold    . . .     Faith    .   c - +0 kite shield
rNeg     . . .     Spirit   .   b - +3 ring mail "Edwecac" {rPois rF+ MP-9}
rPois    +         Reflect  .   (helmet restricted)
rElec    .         Harm     .   (no cloak)
rCorr    .         Rampage  .   n - +0 pair of gloves
MR       .....     NoTele   +   u - +0 pair of boots
Stlth    +.........             r - amulet "Boygrewu" {RegenMP rPois rF+ Int-2}
HPRegen  0.31/turn              o - +2 ring of evasion
MPRegen  0.33/turn              s - +4 ring of protection

@: berserk cooldown
A: retaliatory headbutt, horns 2
a: Berserk, Trog's Hand, Brothers in Arms, Renounce Religion


You were in the Dungeon.
You worshipped Trog.
Trog was exalted by your worship.
You visited 1 branch You collected 1075 gold pieces.
You spent 871 gold pieces at shops.

Inventory:

Hand Weapons
 a - a +4 vorpal demon whip (weapon)
 v - a +4 morningstar of protection
Armour
 b - the +3 ring mail "Edwecac" (worn) {rPois rF+ MP-9}
   (You found it in the Dungeon)

   It protects you from fire.
   It protects you from poison.
   It affects your magic capacity (-9).
 c - a +0 kite shield (worn)
 n - a +0 pair of gloves (worn)
 u - a +0 pair of boots (worn)
Jewellery
 o - a +2 ring of evasion (left hand)
 r - the amulet "Boygrewu" (around neck) {RegenMP rPois rF+ Int-2}
   (You found it in the Dungeon)

   [amulet of magic regeneration]

   It increases your magic regeneration.
   It affects your intelligence (-2).
   It protects you from fire.
   It protects you from poison.
 s - a +4 ring of protection (right hand)
 w - an uncursed ring of protection from cold
 x - an uncursed ring of protection from magic
 y - an uncursed ring of protection from fire
Wands
 m - a wand of iceblast (7)
Scrolls
 j - 4 scrolls of blinking
 l - 3 scrolls of remove curse
 p - 2 scrolls of fear
 t - 8 scrolls of enchant weapon
Potions
 d - 2 potions of might
 e - 8 potions of curing
 f - 4 potions of heal wounds
 g - a potion of haste
 h - 4 potions of magic
 i - a potion of stabbing
 k - 2 potions of invisibility
 q - 2 potions of berserk rage


   Skills:
 + Level 17.7 Fighting
 + Level 21.0 Maces & Flails
 + Level 1.2 Throwing
 + Level 14.3 Armour
 + Level 4.7 Dodging
 + Level 2.3 Stealth
 + Level 17.2 Shields
 + Level 2.0 Evocations


You had 11 spell levels left.
You didn't know any spells.
Your spell library was empty.

Dungeon Overview and Level Annotations

Branches:
Dungeon (1/1)

Altars:
Cheibriados
Dithmenos
Elyvilon
Fedhas
Gozag
Hepliaklqana
Kikubaaqudgha
Makhleb
Nemelex Xobeh
Okawaru
Qazlal
Ru
Sif Muna
Trog
Uskayaw
Vehumet
Wu Jian
Xom
Yredelemnul
Zin
The Shining One
Beogh
Jiyva
Lugonu

Shops:
D ([([


Innate Abilities, Weirdness & Mutations

You reflexively headbutt those who attack you in melee.
You have a pair of horns on your head.


Message History

Unknown command.
You hit the cyan ugly thing.
Your headbutt misses the cyan ugly thing.
The cyan ugly thing is lightly wounded.
You closely miss the cyan ugly thing.
The cyan ugly thing is lightly wounded.
The cyan ugly thing headbutts you.
* * * LOW HITPOINT WARNING * * *
The cyan ugly thing shocks you!
* * * LOW HITPOINT WARNING * * *
Unknown command.
You see here a +4 plate armour of cold resistance.
You barely miss the cyan ugly thing.
The cyan ugly thing is lightly wounded.
You whack the cyan ugly thing!
The cyan ugly thing is moderately wounded.
The cyan ugly thing headbutts you.
* * * LOW HITPOINT WARNING * * *
The cyan ugly thing shocks you!
You die...

▓_▓.▓.▓.▓.▓)▓.▓
▓_▓.▓.▓.▓.▓.▓.▓
▓_▓.▓†▓.▓.▓.▓.▓
▓_▓.▓.▓.▓.▓.▓.▓
▓_▓.▓.▓.▓.▓.▓.▓
▓_▓.▓†▓.▓.▓.▓[▓
▓_▓.▓.▓.▓)▓.▓Q▓
▓_▓.▓.▓.▓)▓.▓u▓
▓_▓.▓.▓.▓)▓.▓@▓
▓_▓.▓.▓.▓)▓.▓[▓
▓_▓.▓.▓.▓.▓.▓[▓
▓_▓.▓.▓.▓.▓.▓[▓
▓_▓.▓.▓)▓)▓.▓[▓
▓_▓.▓.▓.▓)▓.▓.▓
▓_▓.▓.▓.▓)▓.▓)▓
▓_▓.▓÷▓.▓)▓.▓)▓
▓_▓.▓†▓.▓)▓.▓)▓


You could see a cyan ugly thing and a tengu warrior.

Vanquished Creatures
  A very ugly thing (D)
  Erolcha (D)
  Harold (D)
  A centaur warrior (D)
  2 hydras (D)
  A two-headed ogre (D)
  A deep troll shaman (D)
  4 orc high priests (D)
  2 orc knights (D)
  A cyclops (D)
  2 ugly things (D)
  A rime drake (D)
  4 cane toads (D)
  2 torpor snails (D)
  A kobold demonologist (D)
  A yaktaur (D)
  2 komodo dragons (D)
  2 trolls (D)
  2 slime creatures (D)
  A tyrant leech (D)
  A dream sheep (D)
  2 blink frogs (D)
  Eustachio (D)
  A wyvern (D)
  A water moccasin (D)
  4 orc warriors (D)
  An eye of draining (D)
  A phantom (D)
  An ogre (D)
  A centaur (D)
  A wolf (D)
  11 bullfrogs (D)
  A killer bee (D)
  A jelly (D)
  10 orc priests (D)
  5 orc wizards (D)
  A gnoll (D)
  A white imp (D)
  An adder zombie (D)
  A leopard gecko (D)
  12 orcs (D)
  A giant cockroach (D)
  A goblin (D)
  A jackal skeleton (D)
  2 kobolds (D)
  A rat (D)
98 creatures vanquished.

Vanquished Creatures (collateral kills)
  A stone giant (D)
  An orc high priest (D)
  An orc warrior (D)
  An orc priest (D)
4 creatures vanquished.

Grand Total: 102 creatures vanquished

Notes
Turn   | Place    | Note
-------+----------+-------------------------------------------
     0 | D        | mhtbhm the Minotaur Fighter began the quest for the Orb.
     0 | D        | Reached XP level 1. HP: 19/19 MP: 0/0
    52 | D        | Reached skill level 3 in Maces & Flails
    52 | D        | Reached XP level 2. HP: 18/28 MP: 1/1
    61 | D        | Reached skill level 5 in Fighting
   176 | D        | Found a roughly hewn altar of Beogh.
   176 | D        | Found a snail-covered altar of Cheibriados.
   176 | D        | Found a shadowy altar of Dithmenos.
   176 | D        | Found a white marble altar of Elyvilon.
   176 | D        | Found a blossoming altar of Fedhas.
   176 | D        | Found an opulent altar of Gozag.
   177 | D        | Found a hazy altar of Hepliaklqana.
   178 | D        | Found a viscous altar of Jiyva.
   179 | D        | Found an ancient bone altar of Kikubaaqudgha.
   180 | D        | Found a corrupted altar of Lugonu.
   181 | D        | Found a burning altar of Makhleb.
   182 | D        | Found a sparkling altar of Nemelex Xobeh.
   183 | D        | Found an iron altar of Okawaru.
   184 | D        | Found a stormy altar of Qazlal.
   185 | D        | Found a sacrificial altar of Ru.
   186 | D        | Found a shimmering blue altar of Sif Muna.
   187 | D        | Found a bloodstained altar of Trog.
   188 | D        | Found a hide-covered altar of Uskayaw.
   189 | D        | Found a radiant altar of Vehumet.
   190 | D        | Found an ornate altar of the Wu Jian Council.
   191 | D        | Found a shimmering altar of Xom.
   192 | D        | Found a basalt altar of Yredelemnul.
   193 | D        | Found a glowing silver altar of Zin.
   194 | D        | Found a glowing golden altar of the Shining One.
   195 | D        | Became a worshipper of Trog the Wrathful
   250 | D        | Noticed a phantom
   250 | D        | Noticed a killer bee
   250 | D        | Noticed a wyvern
   250 | D        | Noticed an ogre
   254 | D        | Reached skill level 4 in Maces & Flails
   254 | D        | Reached skill level 5 in Armour
   254 | D        | Reached skill level 5 in Shields
   254 | D        | Reached XP level 3. HP: 37/37 MP: 2/2
   255 | D        | Reached skill level 5 in Maces & Flails
   259 | D        | Killed an ogre
   259 | D        | Reached * piety under Trog
   259 | D        | Reached skill level 7 in Maces & Flails
   259 | D        | Reached XP level 4. HP: 47/47 MP: 3/3
   259 | D        | Reached XP level 5. HP: 52/52 MP: 4/4
   266 | D        | Killed a wyvern
   266 | D        | Reached skill level 9 in Maces & Flails
   266 | D        | Reached XP level 6. HP: 33/62 MP: 5/5
   267 | D        | Reached skill level 1 in Dodging
   288 | D        | Reached ** piety under Trog
   288 | D        | Reached skill level 10 in Maces & Flails
   473 | D        | Noticed a two-headed ogre
   473 | D        | Noticed a slime creature
   473 | D        | Noticed a troll
   473 | D        | Noticed a troll
   473 | D        | Noticed a centaur warrior
   484 | D        | Killed a centaur warrior
   484 | D        | Reached skill level 10 in Fighting
   484 | D        | Reached skill level 13 in Maces & Flails
   484 | D        | Reached XP level 7. HP: 72/72 MP: 0/6
   484 | D        | Reached XP level 8. HP: 79/79 MP: 0/7
   488 | D        | Killed a troll
   494 | D        | Killed a troll
   494 | D        | Reached *** piety under Trog
   494 | D        | Reached skill level 14 in Maces & Flails
   497 | D        | Killed a slime creature
   501 | D        | Killed a two-headed ogre
   501 | D        | Reached skill level 15 in Maces & Flails
   501 | D        | Reached skill level 10 in Armour
   501 | D        | Reached XP level 9. HP: 67/89 MP: 1/8
   670 | D        | Got the amulet "Boygrewu" {RegenMP rPois rF+ Int-2}
   691 | D        | Noticed a cane toad
   691 | D        | Noticed a cane toad
   691 | D        | Noticed a rime drake
   691 | D        | Noticed a cane toad
   691 | D        | Noticed a komodo dragon
   696 | D        | Noticed a seven-headed hydra
   700 | D        | Killed a komodo dragon
   700 | D        | Reached **** piety under Trog
   700 | D        | Reached skill level 16 in Maces & Flails
   706 | D        | Killed a cane toad
   710 | D        | Killed a rime drake
   710 | D        | Reached skill level 1 in Stealth
  1047 | D        | Killed a cane toad
  1059 | D        | Killed a cane toad
  1059 | D        | Reached skill level 17 in Maces & Flails
  1059 | D        | Reached XP level 10. HP: 99/99 MP: 9/9
  1074 | D        | Killed a seven-headed hydra
  1118 | D        | Noticed a torpor snail
  1118 | D        | Noticed a five-headed hydra
  1118 | D        | Noticed a torpor snail
  1125 | D        | Killed a torpor snail
  1128 | D        | Killed a five-headed hydra
  1128 | D        | Reached ***** piety under Trog
  1133 | D        | Killed a torpor snail
  1133 | D        | Reached skill level 18 in Maces & Flails
  1184 | D        | Noticed a cane toad
  1188 | D        | Received a gift from Trog
  1196 | D        | Killed a cane toad
  1196 | D        | Reached skill level 15 in Shields
  1196 | D        | Reached skill level 1 in Evocations
  1208 | D        | Reached XP level 11. HP: 110/110 MP: 10/10
  1247 | D        | Noticed Eustachio
  1255 | D        | Killed Eustachio
  1255 | D        | Reached ****** piety under Trog
  1286 | D        | Noticed Harold
  1295 | D        | Killed Harold
  1295 | D        | Reached skill level 19 in Maces & Flails
  1394 | D        | Received a gift from Trog
  1415 | D        | Received a gift from Trog
  1500 | D        | Noticed an orc knight
  1524 | D        | Killed an orc knight
  1527 | D        | Reached skill level 15 in Fighting
  1529 | D        | Received a gift from Trog
  1530 | D        | Noticed an orc knight
  1558 | D        | Killed an orc knight
  1834 | D        | Found Jehodako's Armour Boutique.
  1834 | D        | Noticed an orc high priest
  1834 | D        | Noticed an orc high priest
  1834 | D        | Noticed an orc high priest
  1838 | D        | Found Vaox's Weapon Shop.
  1840 | D        | Killed an orc high priest
  1843 | D        | Found Lastozup's Armour Boutique.
  1847 | D        | Killed an orc high priest
  1847 | D        | Received a gift from Trog
  1852 | D        | Killed an orc high priest
  1854 | D        | Found Gaf Adghi's Weapon Shop.
  1855 | D        | Noticed an orc high priest
  1858 | D        | Noticed a soul eater
  1863 | D        | Noticed an orc high priest
  1865 | D        | Received a gift from Trog
  1875 | D        | Killed an orc high priest
  1875 | D        | Reached skill level 20 in Maces & Flails
  1885 | D        | Killed an orc high priest
  2297 | D        | Bought a +4 plate armour of cold resistance for 550 gold
                  | pieces
  2312 | D        | Bought a +4 morningstar of protection for 321 gold pieces
  2357 | D        | Noticed Erolcha
  2365 | D        | Killed Erolcha
  2484 | D        | Got the +3 ring mail "Edwecac" {rPois rF+ MP-9}
  2522 | D        | Received a gift from Trog
  2523 | D        | Noticed a white ugly thing
  2527 | D        | Noticed a cyan ugly thing
  2533 | D        | Noticed a deep troll shaman
  2539 | D        | Killed a white ugly thing
  2542 | D        | Noticed a stone giant
  2548 | D        | Noticed a brown very ugly thing
  2550 | D        | Killed a cyan ugly thing
  2550 | D        | Reached skill level 1 in Throwing
  2550 | D        | Reached XP level 12. HP: 125/125 MP: 2/11
  2555 | D        | Killed a deep troll shaman
  2556 | D        | Noticed a tengu warrior
  2557 | D        | Received a gift from Trog
  2580 | D        | Killed a stone giant
  2606 | D        | Killed a brown very ugly thing
  2606 | D        | Reached skill level 21 in Maces & Flails
  2611 | D        | HP: 6/127 [cyan ugly thing (4)]
  2611 | D        | Mangled by a cyan ugly thing

Illustrated notes

Levels and vault maps discovered:
D:        linesprint [early_d, line_temple, items_1, d_10, items_2, lair_1,
          lair_end, items_3, orc_1, orc_end, items_4, d_15, swamp_1, shoals_1,
          snake_1, spider_1, d_20, vaults_1, items_5, swamp_end, shoals_end,
          snake_end, spider_end, vaults_end, d_27, items_6, zot_1, zot_end,
          crypt_end, forest_end, elf_end, slime_end, tomb_end, abyss_end,
          pan_hell_end]

Skill      XL: |  1  2  3  4  5  6  7  8  9 10 11 12 |
---------------+-------------------------------------+-----
Fighting       | 4 5 7 8 10 11 12 14 17 | 17.7
Armour         | 4 5 6 7 8 10 11 12 14 | 14.3
Shields        | 4 5 7 8 11 12 13 15 16 17 | 17.2
Maces & Flails | 3 4 7 9 13 15 17 18 20 21 | 21.0
Dodging        | 1 2 3 4 |  4.7
Stealth        | 1 2 |  2.3
Evocations     | 1 2 |  2.0
Throwing       | 1 |  1.2

Action                   |  1- 3 |  4- 6 |  7- 9 | 10-12 || total
-------------------------+-------+-------+-------+-------++-------
Melee: Flail             |    36 |       |       |       ||    36
       Headbutt          |     5 |     3 |    11 |    53 ||    72
       Morningstar       |     8 |    29 |    52 |   134 ||   223
       Demon whip        |       |       |       |    92 ||    92
Throw: Throwing net      |       |       |       |     1 ||     1
Invok: Berserk           |       |     1 |     1 |     6 ||     8
       Brothers in Arms  |       |       |     1 |     3 ||     4
Evoke: Wand              |       |       |     1 |     2 ||     3
  Use: Potion            |     1 |       |       |     1 ||     2
       Scroll            |       |       |     1 |     1 ||     2
Armor: Scale mail        |    12 |       |       |       ||    12
       Chain mail        |       |    10 |    20 |    22 ||    52
       Ring mail         |       |       |       |     2 ||     2
Dodge: Dodged            |     7 |       |    10 |    28 ||    45
Block: Kite shield       |    19 |    16 |    30 |    63 ||   128

Table legend: (Time is in decaauts)
 A = Elapsed time spent in this place.
 B = Non-inter-level travel time spent in this place.
 C = Inter-level travel time spent in this place.
 D = Time resting spent in this place.
 E = Time spent auto-exploring this place.
 F = Levels seen in this place.
 G = Mean time per level.
                   A        B        C        D        E       F      G
               +--------+--------+--------+--------+--------+-----+--------+
         Total |   2592 |   2592 |      0 |   1393 |    256 |   1 | 2592.0 |
       Dungeon |   2592 |   2592 |      0 |   1393 |    256 |   1 | 2592.0 |
               +--------+--------+--------+--------+--------+-----+--------+

Top non-repeatable levels by time:
       D: 2592 daAuts
